 Dungeon Crawl Stone Soup version 0.30-a0-371-gad7725a93e (webtiles) character file.

Game seed: 8452414362023674333

256 McGhostyFace the Frost Mage (level 6, -1/44 HPs)
             Began as a Gnoll Wanderer on Nov 23, 2022.
             Slain by a gnoll
             ... wielding a +0 spear
              (9 damage)
             ... on level 4 of the Dungeon.
             The game lasted 00:10:47 (3288 turns).

McGhostyFace the Frost Mage (Gnoll Wanderer)        Turns: 3288, Time: 00:10:48

Health: -1/44      AC:  4    Str: 11    XL:     6   Next: 16%
Magic:  1/11       EV: 12    Int: 15    God:
Gold:   117        SH:  0    Dex: 10    Spells: 6/11 levels left

rFire   . . .      SeeInvis .    A - +0 whip (drain)
rCold   . . .      Faith    .    (no shield)
rNeg    . . .      Spirit   .    c - +0 robe
rPois   .          Reflect  .    m - +0 hat
rElec   .          Harm     .    (no cloak)
rCorr   .          Rampage  .    n - +0 pair of gloves
Will    .....                    d - +0 pair of boots
Stlth   ++........               (no amulet)
HPRegen 0.27/turn                (no ring)
MPRegen 0.12/turn                (no ring)

@: no status effects
A: fangs 1, strong nose, distributed training
a: no special abilities


You were on level 4 of the Dungeon.
You visited 1 branch of the dungeon, and saw 4 of its levels.

You collected 117 gold pieces.

Inventory:

Hand Weapons
 A - a +0 whip of draining (weapon)
Missiles
 e - 6 javelins
 h - 5 poisoned darts
Armour
 c - a +0 robe (worn)
 d - a +0 pair of boots (worn)
 m - a +0 hat (worn)
 n - a +0 pair of gloves (worn)
Jewellery
 y - a ring of ice
Wands
 p - a wand of flame (12)
Scrolls
 b - 2 scrolls of fog
 f - 8 scrolls of teleportation {unknown}
 g - 4 scrolls of identify {unknown}
 q - a scroll of magic mapping {unknown}
 s - 2 scrolls of blinking {unknown}
 v - a scroll of silence {unknown}
 z - 2 scrolls of poison {unknown}
Potions
 i - 2 potions of haste {unknown}
 j - 2 potions of heal wounds {unknown}
 k - 4 potions of mutation {unknown}
 l - 2 potions of invisibility {unknown}
 o - a potion of degeneration {unknown}
 r - 2 potions of ambrosia {unknown}
 t - a potion of experience {unknown}
 u - a potion of lignification {unknown}
 w - a potion of resistance {unknown}
 x - a potion of berserk rage {unknown}


   Skills:
 + Level 1.9 Fighting
 + Level 1.9 Short Blades
 + Level 1.9 Long Blades
 + Level 1.9 Axes
 + Level 1.9 Maces & Flails
 + Level 1.9 Polearms
 + Level 1.9 Staves
 + Level 1.9 Ranged Weapons
 + Level 1.9 Throwing
 + Level 1.9 Armour
 + Level 1.9 Dodging
 + Level 4.6 Stealth
 + Level 1.9 Shields
 + Level 1.9 Unarmed Combat
 + Level 3.4 Spellcasting
 + Level 1.5 Conjurations
 + Level 1.5 Hexes
 + Level 1.5 Summonings
 + Level 1.5 Necromancy
 + Level 1.5 Translocations
 + Level 1.5 Transmutations
 + Level 1.5 Fire Magic
 + Level 8.9 Ice Magic
 + Level 4.1 Air Magic
 + Level 1.5 Earth Magic
 + Level 1.5 Poison Magic
 + Level 2.1 Invocations
 + Level 1.9 Evocations


You had 6 spell levels left.
You knew the following spells:

 Your Spells              Type           Power      Damage    Failure   Level
a - Freeze                Ice            100%       1d10      1%          1
b - Poisonous Vapours     Pois/Air       22%        N/A       9%          2
c - Static Discharge      Conj/Air       22%        2-3/arc   9%          2

Your spell library contained the following spells:

 Spells                   Type           Power      Damage    Failure   Level
 Frozen Ramparts          Ice            58%        1d9       1%          3
 Hailstorm                Conj/Ice       18%        3d6       7%          3
 Necrotise                Necr           28%        1d5       11%         1
 Vampiric Draining        Necr           7%         2d6       30%         3
 Agony                    Necr           7%         N/A       96%         5


Dungeon Overview and Level Annotations

Branches:
Dungeon (4/15)
 Temple: D:4-7

Altars:
Yredelemnul

Shops:
D:1 !=


Innate Abilities, Weirdness & Mutations

You have very sharp teeth.
Your uncanny sense of smell can sniff out nearby items.
Your experience applies equally to all skills.


Message History

Press: ? - help, Dir - move target, f - gnoll
Aim: a gnoll, wielding a +0 halberd Poisonous vapours surround the gnoll!
The gnoll is poisoned.
The gnoll barely misses you.
Casting: Poisonous Vapours (safe; 9% risk of failure)
Confirm with . or Enter, or press ? or * to list all spells.
Aiming: Poisonous Vapours (safe; 9% risk of failure)
Press: ? - help, Dir - move target, f/p - gnoll
Aim: a gnoll, wielding a +0 halberd (poisoned) Poisonous vapours surround the gnoll!
The gnoll looks even sicker.
The gnoll hits you from afar with a +0 spear.
The gnoll hits you from afar with a +0 halberd!
Casting: Poisonous Vapours (safe; 9% risk of failure)
Confirm with . or Enter, or press ? or * to list all spells.
Aiming: Poisonous Vapours (safe; 9% risk of failure)
Press: ? - help, Dir - move target, f - gnoll, p - gnoll
Aim: a gnoll, wielding a +0 spear Poisonous vapours surround the gnoll!
The gnoll is poisoned.
The gnoll hits you from afar with a +0 spear.
The gnoll hits you from afar with a +0 halberd!
Casting: Poisonous Vapours (safe; 9% risk of failure)
Confirm with . or Enter, or press ? or * to list all spells.
Aiming: Poisonous Vapours (safe; 9% risk of failure)
Press: ? - help, Dir - move target, f/p - gnoll
Aim: a gnoll, wielding a +0 spear (poisoned) Poisonous vapours surround the gnoll!
The gnoll looks even sicker.
The gnoll hits you from afar with a +0 spear.
The gnoll hits you from afar with a +0 halberd!
* * * LOW HITPOINT WARNING * * *
Casting: Poisonous Vapours (safe; 9% risk of failure)
Confirm with . or Enter, or press ? or * to list all spells.
Aiming: Poisonous Vapours (safe; 9% risk of failure)
Press: ? - help, Dir - move target, f - gnoll, p - gnoll
Aim: a gnoll, wielding a +0 halberd (lightly wounded, very poisoned) Poisonous vapours surround the gnoll!
The gnoll looks even sicker.
The gnoll barely misses you. The gnoll closely misses you.
Unknown command.
You can't go down here!
The gnoll hits you from afar with a +0 spear!
You die...

.# ...## ####
#....####...#
#.......#..
#.......####
#..@..#
#g†...#
#g##### #.#
#.. ... .⌠..
..... ##..##


You could see 2 gnolls.

Vanquished Creatures
  A scorpion (D:3)
  2 orc priests
  2 orc wizards (D:3)
  A gnoll (D:4)
  An adder (D:3)
  A worm (D:3)
  10 orcs
  6 bats
  4 endoplasms
  2 giant cockroaches
  6 goblins
  5 hobgoblins
  3 kobolds
  5 ball pythons
  7 frilled lizards
  7 rats
63 creatures vanquished.

Vanquished Creatures (others)
  3 plants (D:2)
3 creatures vanquished.

Grand Total: 66 creatures vanquished

Notes
Turn   | Place    | Note
-------+----------+-------------------------------------------
     0 | D:1      | McGhostyFace the Gnoll Wanderer began the quest for the
                  | Orb.
     0 | D:1      | McGhostyFace set off with the following items: a +0 club, a
                  | scroll of fog, a +0 robe, a +0 pair of boots; and the
                  | following spell memorised: Freeze; and the following spells
                  | available to memorise: Frozen Ramparts, Hailstorm,
                  | Poisonous Vapours, Static Discharge.
     0 | D:1      | Reached XP level 1. HP: 13/13 MP: 4/4
   254 | D:1      | Found Buusmatt's Distillery.
   418 | D:1      | Found Dowi Kucs's Jewellery Boutique.
   461 | D:1      | Reached XP level 2. HP: 7/19 MP: 2/5
   798 | D:1      | Found a faded altar of an unknown god.
  1201 | D:2      | Reached XP level 3. HP: 25/25 MP: 7/7
  1663 | D:2      | Learned a level 2 spell: Poisonous Vapours
  1691 | D:2      | Reached skill level 1 in Fighting
  1691 | D:2      | Reached skill level 1 in Short Blades
  1691 | D:2      | Reached skill level 1 in Long Blades
  1691 | D:2      | Reached skill level 1 in Axes
  1691 | D:2      | Reached skill level 1 in Maces & Flails
  1691 | D:2      | Reached skill level 1 in Polearms
  1691 | D:2      | Reached skill level 1 in Staves
  1691 | D:2      | Reached skill level 1 in Ranged Weapons
  1691 | D:2      | Reached skill level 1 in Throwing
  1691 | D:2      | Reached skill level 1 in Armour
  1691 | D:2      | Reached skill level 1 in Dodging
  1691 | D:2      | Reached skill level 1 in Shields
  1691 | D:2      | Reached skill level 1 in Unarmed Combat
  1691 | D:2      | Reached skill level 1 in Invocations
  1691 | D:2      | Reached skill level 1 in Evocations
  1691 | D:2      | Reached XP level 4. HP: 14/32 MP: 0/8
  2127 | D:3      | Reached skill level 1 in Conjurations
  2127 | D:3      | Reached skill level 1 in Hexes
  2127 | D:3      | Reached skill level 1 in Summonings
  2127 | D:3      | Reached skill level 1 in Necromancy
  2127 | D:3      | Reached skill level 1 in Translocations
  2127 | D:3      | Reached skill level 1 in Transmutations
  2127 | D:3      | Reached skill level 1 in Fire Magic
  2127 | D:3      | Reached skill level 1 in Earth Magic
  2127 | D:3      | Reached skill level 1 in Poison Magic
  2194 | D:3      | Found a basalt altar of Yredelemnul.
  2270 | D:3      | Noticed a scorpion
  2314 | D:2      | Reached XP level 5. HP: 8/37 MP: 7/9
  2440 | D:3      | Learned a level 2 spell: Static Discharge
  2948 | D:3      | Reached XP level 6. HP: 15/44 MP: 3/11
  3288 | D:4      | Slain by a gnoll

Illustrated notes

Levels and vault maps discovered:
D:1:      dpeg_arrival_circle_labyrinth_c, layout_loops_ring,
          shapermc_ecumenical_altar_venn, serial_shops, nicolae_square_shop,
          nicolae_shop_stone
D:2:      layout_basic, serial_forest, infiniplex_forest_clump_large,
          infiniplex_forest_corner_1, infiniplex_forest_lined_room_3,
          infiniplex_forest_straight_4, infiniplex_forest_straight_2,
          infiniplex_forest_clump_C, feat_on_display
D:3:      layout_loops_ring, marbit_many_paths
D:4:      layout_layer_cave, mainiacjoe_overflow_chevrons, grunt_ministairs_15

Skill      XL: |  1  2  3  4  5 |
---------------+----------------+-----
Fighting       | 1 |  1.9
Short Blades   | 1 |  1.9
Long Blades    | 1 |  1.9
Axes           | 1 |  1.9
Maces & Flails | 1 |  1.9
Polearms       | 1 |  1.9
Staves         | 1 |  1.9
Ranged Weapons | 1 |  1.9
Throwing       | 1 |  1.9
Armour         | 1 |  1.9
Dodging        | 1 |  1.9
Shields        | 1 |  1.9
Unarmed Combat | 1 |  1.9
Invocations    | 1 2 |  2.1
Evocations     | 1 |  1.9
Spellcasting   | 3 |  3.4
Conjurations   | 1 |  1.5
Hexes          | 1 |  1.5
Summonings     | 1 |  1.5
Necromancy     | 1 |  1.5
Translocations | 1 |  1.5
Transmutations | 1 |  1.5
Fire Magic     | 1 |  1.5
Earth Magic    | 1 |  1.5
Poison Magic   | 1 |  1.5
Air Magic      | 4 |  4.1
Stealth        | |  4.6
Ice Magic      | |  8.9

Action                   |  1- 3 |  4- 6 || total
-------------------------+-------+-------++-------
Melee: Club              |    88 |    50 ||   138
       Bite              |     6 |     2 ||     8
       Punch             |     1 |     1 ||     2
       Whip              |       |     2 ||     2
 Cast: Freeze            |    14 |    41 ||    55
       Poisonous Vapours |     3 |    11 ||    14
 Stab: Sleeping          |     3 |     1 ||     4
Armor: Robe              |    38 |    31 ||    69
Dodge: Dodged            |    70 |    60 ||   130

Table legend: (Time is in decaauts)
 A = Elapsed time spent in this place.
 B = Non-inter-level travel time spent in this place.
 C = Inter-level travel time spent in this place.
 D = Time resting spent in this place.
 E = Time spent auto-exploring this place.
 F = Levels seen in this place.
 G = Mean time per level.
                   A        B        C        D        E       F      G
               +--------+--------+--------+--------+--------+-----+--------+
         Total |   3324 |   3221 |    103 |    965 |   1545 |   4 |  831.0 |
       Dungeon |   3324 |   3221 |    103 |    965 |   1545 |   4 |  831.0 |
               +--------+--------+--------+--------+--------+-----+--------+

Top non-repeatable levels by time:
     D:1: 1163 daAuts
     D:3: 1139 daAuts
     D:2: 997 daAuts
     D:4: 24 daAuts
